 Dungeon Crawl Stone Soup version 0.29.1-12-g30fa7ad0bf (webtiles) character file.

Game seed: 6871521034950832747

2 growler the Changer (level 1, 0/13 HPs)
             Began as a Demonspawn Wanderer on Jan 8, 2023.
             Slain by a kobold
             ... wielding a +0 dagger
              (2 damage)
             ... on level 1 of the Dungeon.
             The game lasted 00:00:29 (325 turns).

growler the Changer (Demonspawn Wanderer)            Turns: 325, Time: 00:00:30

Health: 0/13       AC:  2    Str: 10    XL:     1   Next: 33%
Magic:  2/2        EV: 11    Int: 17    God:
Gold:   21         SH:  0    Dex: 10    Spells: 1/2 levels left

rFire   . . .      SeeInvis .   a - +0 dagger
rCold   . . .      Faith    .   (no shield)
rNeg    . . .      Spirit   .   d - +0 robe
rPois   .          Reflect  .   (no helmet)
rElec   .          Harm     .   (no cloak)
rCorr   .          Rampage  .   (no gloves)
Will    .....                   (no boots)
Stlth   +.........              (no amulet)
HPRegen 0.04/turn               (no ring)
MPRegen 0.08/turn               (no ring)

@: no status effects
A: no striking features
a: no special abilities


You were on level 1 of the Dungeon.
You visited 1 branch of the dungeon, and saw 1 of its levels.

You collected 21 gold pieces.

Inventory:

Hand Weapons
 a - a +0 dagger (weapon)
Missiles
 b - 16 poisoned darts (quivered)
Armour
 d - a +0 robe (worn)
Scrolls
 c - a scroll of blinking
 e - 2 scrolls of amnesia {unknown}
 f - a scroll of enchant armour {unknown}


   Skills:
 + Level 1.0 Throwing
 + Level 1.0 Dodging
 + Level 1.0 Spellcasting
 + Level 3.6 Transmutations
 + Level 1.8 Air Magic
 + Level 1.0 Evocations


You had one spell level left.
You knew the following spells:

 Your Spells              Type           Power      Damage    Failure   Level
a - Beastly Appendage     Tmut           26%        N/A       4%          1

Your spell library contained the following spells:

 Spells                   Type           Power      Damage    Failure   Level
 Poisonous Vapours        Pois/Air       8%         N/A       22%         2
 Static Discharge         Conj/Air       4%         3-4/arc   22%         2
 Spider Form              Tmut/Pois      7%         N/A       30%         3
 Ignite Poison            Fire/Tmut/Pois 5%         N/A       36%         3


Dungeon Overview and Level Annotations

Branches:
Dungeon (1/15)

Altars:


Message History

No target in view!
f - a scroll labelled YCSEURH TUOMAI
There is a fountain of sparkling water here.
There is a fountain of sparkling water here.
You now have 21 gold pieces (gained 13).
A ball python comes into view.
The ball python hisses angrily.
You hit the ball python.
You kill the ball python!
No target in view!
b - 16 poisoned darts (gained 6)
There is a fountain of clear blue water here.
A kobold comes into view. It is wielding a +0 dagger.
The kobold shouts!
You hear an angry hiss.
A kobold is nearby!
An endoplasm comes into view.
A hobgoblin comes into view.
The kobold closely misses you.
You hit the kobold.
The kobold is moderately wounded.
A frilled lizard comes into view.
The kobold hits you with a +0 dagger.
You closely miss the kobold. The kobold hits you with a +0 dagger.
You barely miss the kobold. The kobold barely misses you.
You barely miss the kobold. The kobold hits you but does no damage.
You hit the kobold but do no damage. The kobold closely misses you.
The endoplasm jiggles.
You barely miss the kobold. The kobold hits you with a +0 dagger.
You are too injured to fight recklessly!
You are too injured to fight recklessly!
You are too injured to fight recklessly!
Unknown command.
You barely miss the kobold. The kobold hits you but does no damage.
You hit the kobold but do no damage. The kobold hits you with a +0 dagger.
You completely miss the kobold. The kobold hits you but does no damage.
You closely miss the kobold. The kobold misses you.
You hit the kobold but do no damage. The kobold hits you with a +0 dagger.
* * * LOW HITPOINT WARNING * * *
You barely miss the kobold. The kobold hits you with a +0 dagger.
You die...

# . .# ##. .#. ..# ##..
#..###..## #.#.#.#..
#.##....## ~ #.#......#
~~..########.#..#...#
♣..lgJK@...#..##.##.##
#.#
#..#######...##.⌠.##.##
#.# ..# #..####.####.##
#.# #.##
####..#.#.###.#..#
#.### #..
.......#.8.###.⌠†#.#
#.##.. ...
....##..#.###.#.#..#
#.##.###.#
###.##..##.#.#.##.##
#.##..##.#
#.##..###.⌠.###...
###.##...#.#
#.##...###.###..#.


You could see an endoplasm, a hobgoblin, a kobold and a frilled lizard.

Vanquished Creatures
  A ball python (D:1)
  2 bats (D:1)
3 creatures vanquished.

Notes
Turn   | Place    | Note
-------+----------+-------------------------------------------
     0 | D:1      | growler the Demonspawn Wanderer began the quest for the
                  | Orb.
     0 | D:1      | growler set off with the following items: a +0 dagger, 10
                  | poisoned darts, a scroll of blinking, a +0 robe; and the
                  | following spell memorised: Beastly Appendage; and the
                  | following spells available to memorise: Poisonous Vapours,
                  | Static Discharge, Spider Form, Ignite Poison.
     0 | D:1      | Reached XP level 1. HP: 13/13 MP: 2/2
   325 | D:1      | Slain by a kobold

Illustrated notes

Levels and vault maps discovered:
D:1:      elethiomel_arrival_infinity_welcomes_careful_drivers,
          layout_loops_ring, hellmonk_ecumenical_altar_watching_god,
          grunt_decor_mini_mirrors, serial_bayou_pond_b

Action                   || total
-------------------------++-------
Melee: Dagger            ||    29
Armor: Robe              ||    11
Dodge: Dodged            ||    27
